 Dungeon Crawl Stone Soup version 0.30.0-29-ga12c61a403 (webtiles) character file.

Game seed: 4016672172068549854

3787 Peloso the Carver (level 9, -2/78 HPs)
             Began as a Minotaur Fighter on June 3, 2023.
             Was a Follower of Okawaru.
             Killed from afar by an electric eel (6 damage)
             ... with a bolt of electricity
             ... in a bailey.
             The game lasted 00:15:39 (7392 turns).

Peloso the Carver (Minotaur Fighter)                Turns: 7392, Time: 00:15:39

Health: -2/78      AC: 16    Str: 23    XL:     9   Next: 95%
Magic:  9/9        EV:  8    Int:  5    God:    Okawaru [*.....]
Gold:   486        SH:  7    Dex: 18    Spells: 8/8 levels left

rFire   . . .        a - +0 long sword
rCold   . . .        d - +1 buckler
rNeg    . . .        c - +0 plate armour
rPois   .            (helmet restricted)
rElec   .            (no cloak)
rCorr   .            (no gloves)
SInv    .            j - +0 pair of boots
Will    .....        (no amulet) Stlth
                     u - ring of flight
HPRegen 0.33/turn    n - +6 ring of dexterity
MPRegen 0.11/turn

%: no passive effects
@: flying
A: horns 2, retaliatory headbutt
a: Renounce Religion, Heroism


You were in a bailey.
You worshipped Okawaru.
Okawaru was aware of your devotion.
You visited 2 branches of the dungeon, and saw 8 of its levels.
You also visited: Bailey.

You collected 486 gold pieces.

Inventory:

Hand Weapons
 a - a +0 long sword (weapon)
Armour
 b - a +2 scale mail of fire resistance
 c - a +0 plate armour (worn)
 d - a +1 buckler (worn)
 j - a +0 pair of boots (worn)
Jewellery
 k - a ring of wizardry
 n - a +6 ring of dexterity (right hand)
 o - a ring of see invisible
 q - a +6 ring of intelligence
 u - a ring of flight (left hand)
Scrolls
 e - 2 scrolls of blinking
 i - a scroll of silence {unknown}
 s - 2 scrolls of fear {unknown}
 w - 3 scrolls of identify
 y - a scroll of poison
 A - a scroll of acquirement
Potions
 f - 2 potions of brilliance
 g - 2 potions of might
 h - a potion of magic
 l - 2 potions of berserk rage
 p - 2 potions of curing
 r - a potion of lignification {unknown}
 t - a potion of cancellation {unknown}
 v - a potion of attraction {unknown}
 x - a potion of degeneration {unknown}
 z - a potion of haste {unknown}


   Skills:
 + Level 6.8 Fighting
 + Level 10.6 Long Blades
 + Level 10.0 Armour
 + Level 2.8 Dodging
 + Level 1.6 Stealth
 + Level 7.4 Shields
 + Level 1.4 Invocations
 + Level 0.2 Evocations


You had 8 spell levels left.
You didn't know any spells.
Your spell library contained the following spells:

 Spells                   Type           Power      Damage    Failure   Level
 Apportation              Tloc           0%         N/A       100%        1
 Necrotise                Necr           0%         1d4       100%        1
 Ensorcelled Hibernation  Hex/Ice        0%         N/A       100%        2
 Passwall                 Tmut/Erth      0%         N/A       100%        2
 Swiftness                Air            0%         N/A       100%        3
 Vhi's Electric Charge    Tloc/Air       0%         N/A       100%        3
 Arcjolt                  Conj/Air       0%         1d10      100%        5
 Maxwell's Capacitive Co  Air            0%         ∞         100%        8
 Summon Small Mammal      Summ           Unusable   N/A       N/A         1

Dungeon Overview and Level Annotations

Branches:
Dungeon (7/15)             Temple (1/1) D:6          Bailey (1/1)

Altars:
Ashenzari
Cheibriados
Dithmenos
Fedhas
Gozag
Kikubaaqudgha
Makhleb
Nemelex Xobeh
Okawaru
Qazlal
Ru
Sif Muna
Trog
Uskayaw
Vehumet
Wu Jian
Xom
Zin
The Shining One


Innate Abilities, Weirdness & Mutations

You have a pair of horns on your head.
You reflexively headbutt those who attack you in melee.


Message History

You completely miss the kobold demonologist.
Your headbutt misses the kobold demonologist.
The kobold demonologist is severely wounded.
The kobold demonologist hits you with a +3 war axe.
The ice devil hits you! The ice devil freezes you!
Unknown command.
You hit the kobold demonologist. You headbutt the kobold demonologist!
You kill the kobold demonologist!
Okawaru accepts your kill.
The ice devil disappears in a puff of smoke!
The sun demon disappears in a puff of smoke!
The smoke demon gestures at you. Something smites you!
* * * LOW HITPOINT WARNING * * *
Unknown command.
Blink to where?
Press: ? - help, Dir - move target
As you read the scroll of blinking, it crumbles to dust.
You feel like a meek peon again.
You start resting.
A white imp is nearby!
A white imp is nearby!
A white imp is nearby!
The white imp grins evilly.
An electric eel comes into view.
The electric eel shoots out a bolt of lightning at you!
The bolt of electricity hits you.
* * * LOW HITPOINT WARNING * * *
Aiming: Corrosive Bolt
Press: ? - help, Shift-Dir - straight line, f - electric eel
Aim: an electric eel (water, 53% to hit)
The bolt of acid hits the electric eel!
The acid corrodes the electric eel!
The electric eel is severely wounded.
The now-empty wand crumbles to dust.
The electric eel shoots out a bolt of lightning at you!
The bolt of electricity hits you!
* * * LOW HITPOINT WARNING * * *
The electric eel shoots out a bolt of lightning at you!
The bolt of electricity hits you.
You die...

≈≈≈≈≈≈≈≈~.#.8####
#≈≈≈≈≈≈≈≈~.#..# ..
#≈≈≈≈≈≈≈≈~.#.8# .
#≈≈≈≈≈≈≈≈~.#..#
#≈≈≈≈≈≈≈≈~.##)#
#≈≈≈≈≈≈≈≈~.#))#
#S≈≈≈≈≈≈≈~.#..#
#≈≈≈≈≈≈≈≈~.#..#
#@≈≈≈≈≈≈≈~.#..#
#≈≈≈≈≈≈≈≈~.#..#
#≈≈≈≈≈≈≈≈#'#'##+##
#≈≈≈≈≈≈≈≈#....#[[.
#≈≈≈≈≈≈≈≈#....#[[.
#≈≈≈≈≈≈≈≈###..####
#≈≈≈≈5≈≈≈#.'......
#≈≈≈≈≈≈≈≈######K~o
#≈≈≈≈≈≈≈≈≈≈≈≈≈≈≈≈≈


You could see an electric eel (corroded) and a white imp (summoned).

Vanquished Creatures
  Pikel (Temple)
  A cyclops (D:6)
  2 kobold demonologists
  Edmund (D:6)
  12 orc warriors (Bailey)
  An ogre (D:5)
  2 phantoms (D:6)
  2 lemures (D:6)
  Blork the orc (D:6)
  A gnoll sergeant (D:6)
  A bullfrog (D:7)
  3 scorpions
  2 electric eels (Bailey)
  A hound (D:6)
  5 iguanas
  2 sleepcaps (D:6)
  Ijyb (D:3)
  An orc wizard (D:5)
  Terence (D:2)
  7 adders
  6 gnolls
  A white imp (D:5)
  An ufetubus (D:5)
  A worm (D:2)
  18 orcs
  3 endoplasms
  6 giant cockroaches
  11 goblins
  10 hobgoblins
  2 jackals (D:3)
  5 quokkas
  13 ball pythons
  8 bats
  5 frilled lizards
  5 kobolds
  3 rats
146 creatures vanquished.

Notes
Turn   | Place    | Note
-------+----------+-------------------------------------------
     0 | D:1      | Peloso the Minotaur Fighter began the quest for the Orb.
     0 | D:1      | Reached XP level 1. HP: 19/19 MP: 0/0
    80 | D:1      | Reached XP level 2. HP: 27/27 MP: 1/1
   776 | D:1      | Reached XP level 3. HP: 33/33 MP: 2/2
  1419 | D:2      | Noticed Terence
  1426 | D:2      | Killed Terence
  1674 | D:2      | Reached XP level 4. HP: 37/40 MP: 3/3
  2268 | D:3      | Noticed Ijyb
  2278 | D:3      | Killed Ijyb
  2443 | D:3      | You fall into a shaft and drop 2 floors!
  2443 | D:5      | Entered Level 5 of the Dungeon
  2479 | D:5      | Reached XP level 5. HP: 21/46 MP: 4/4
  2677 | D:5      | Reached skill level 5 in Armour
  2760 | D:5      | Reached XP level 6. HP: 37/53 MP: 5/5
  3313 | D:3      | Found a glowing golden altar of the Shining One.
  3432 | D:3      | Found a burning altar of Makhleb.
  3683 | D:3      | Found a sparkling altar of Nemelex Xobeh.
  3933 | D:4      | Found a stormy altar of Qazlal.
  4032 | D:4      | Reached skill level 5 in Long Blades
  4445 | D:5      | Reached skill level 1 in Stealth
  4832 | D:6      | Reached XP level 7. HP: 60/60 MP: 6/6
  4855 | D:6      | Found a glowing silver altar of Zin.
  4856 | D:6      | Noticed an angel
  4901 | D:6      | Reached skill level 5 in Shields
  4904 | D:6      | Found a hide-covered altar of Uskayaw.
  4972 | D:6      | Reached skill level 5 in Fighting
  4972 | D:6      | Reached skill level 1 in Dodging
  5076 | D:6      | Found a staircase to the Ecumenical Temple.
  5083 | Temple   | Entered the Ecumenical Temple
  5135 | Temple   | Became a worshipper of Warmaster Okawaru
  5163 | D:6      | Noticed Edmund
  5177 | D:6      | Killed Edmund
  5223 | D:6      | Noticed Pikel
  5224 | D:6      | Paralysed by Pikel for 3 turns
  5327 | Temple   | Paralysed by Pikel for 2 turns
  5345 | Temple   | Paralysed by Pikel for 5 turns
  5350 | Temple   | HP: 1/61 [Pikel/+2 whip of freezing (3)]
  5351 | Temple   | Killed Pikel
  5351 | Temple   | Reached * piety under Okawaru
  5352 | Temple   | Reached XP level 8. HP: 2/69 MP: 7/7
  5732 | D:6      | Noticed a kobold demonologist
  5738 | D:6      | Noticed a hellwing
  5741 | D:6      | Killed a kobold demonologist
  5841 | D:6      | Noticed a cyclops
  5870 | D:6      | Killed a cyclops
  5871 | D:6      | Reached XP level 9. HP: 69/75 MP: 5/8
  5929 | D:6      | Noticed Blork the orc
  5941 | D:6      | Killed Blork the orc
  5941 | D:6      | Reached ** piety under Okawaru
  6537 | D:7      | Found a flagged portal.
  6564 | Bailey   | Entered a bailey
  6783 | Bailey   | Reached skill level 1 in Invocations
  6991 | Bailey   | Reached skill level 10 in Long Blades
  7254 | Bailey   | Reached skill level 10 in Armour
  7339 | Bailey   | Found an iron altar of Okawaru.
  7339 | Bailey   | Noticed a kobold demonologist
  7339 | Bailey   | Noticed a kobold demonologist
  7357 | Bailey   | Noticed a smoke demon
  7357 | Bailey   | Noticed a sun demon
  7362 | Bailey   | Noticed an ice devil
  7365 | Bailey   | Killed a kobold demonologist
  7392 | Bailey   | Killed from afar by an electric eel

Illustrated notes

Levels and vault maps discovered:
D:1:      amcnicky_arrival_feature_with_door, layout_basic
D:2:      minmay_evil_eye, layout_loops_ring, minivault_4, uniq_terence
D:3:      layout_basic, lemuel_coloured_pillars_altar,
          mainiacjoe_overflow_alcove_2, nicolae_tso_swordbearing_angel,
          serial_bayou_lagoon_b, uniq_ijyb
D:4:      layout_basic, grunt_qazlal_sundering
D:5:      layout_loops_ring
D:6:      layout_basic, nicolae_uskayaw_dance_hall, zin_angel, temple_statues,
          minmay_misc_feat_iff, hangedman_abyss_or_decor_passed, kb_rosetta,
          uniq_pikel, uniq_blork_the_orc, uniq_edmund
D:7:      layout_loops_ring, enter_bailey_5, minmay_misc_feat_tower
Temple:   dshaligram_water_room_temple
Bailey:   bailey_axe_of_yendor_kennysheep, bailey

Skill      XL: |  1  2  3  4  5  6  7  8  9 |
---------------+----------------------------+-----
Shields        | 4 6 7 |  7.4
Fighting       | 4 5 6 |  6.8
Armour         | 4 5 7 9 10 | 10.0
Long Blades    | 3 4 5 7 8 10 | 10.6
Stealth        | 1 |  1.6
Dodging        | 1 2 |  2.8
Invocations    | 1 |  1.4
Evocations     | |  0.2

Action                     |  1- 3 |  4- 6 |  7- 9 || total
---------------------------+-------+-------+-------++-------
  Melee: Long sword        |    94 |   140 |   246 ||   480
         Headbutt          |    16 |    27 |    52 ||    95
 Invoke: Heroism           |       |       |    14 ||    14
  Evoke: Wand              |       |       |     3 ||     3
    Use: Scroll            |     3 |     7 |     1 ||    11
         Potion            |     2 |       |       ||     2
 Armour: Scale mail        |    35 |       |       ||    35
         Chain mail        |    17 |    76 |    58 ||   151
         Plate armour      |       |       |     7 ||     7
  Dodge: Dodged            |    58 |    50 |    82 ||   190
  Block: Buckler           |    34 |    29 |    73 ||   136
